 Dungeon Crawl Stone Soup version 0.32-a0-913-g739538afd8 (webtiles) character file.

Game seed: 12353877262686744435

340 PriceMaster the Magician (level 6, -3/42 HPs)
             Began as a Spriggan Alchemist on Apr 8, 2024.
             Slain by GiantSquids's ghost (5 damage)
             ... on level 4 of the Dungeon.
             The game lasted 00:08:37 (5241 turns).

PriceMaster the Magician (Spriggan Alchemist)       Turns: 5241, Time: 00:08:37

Health: -3/42      AC:  2    Str:  4    XL:     6   Next: 30%
Magic:  4/14       EV: 17    Int: 19    God:
Gold:   180        SH:  0    Dex: 15    Spells: 8/15 levels left

rFire   . . .        i - +1 dagger (freeze)
rCold   . . .        (no shield)
rNeg    . . .        a - +0 robe
rPois   .            (helmet restricted)
rElec   .            (no cloak)
rCorr   .            (gloves unavailable)
SInv    +            (boots unavailable)
Will    +....        (no amulet) Stlth
                     (no ring)
HPRegen 0.27/turn    (no ring)
MPRegen 0.14/turn

%: no passive effects
@: mighty, berserking, very quick
A: very small, no large weapons, unfitting armour, see invisible, speed 3
a: no special abilities


You were on level 4 of the Dungeon.
You visited 1 branch of the dungeon, and saw 4 of its levels.

You collected 180 gold pieces.

Inventory:

Hand Weapons
 d - a +0 dagger
 i - a +1 dagger of freezing (weapon)
 m - a +1 dagger of venom
Armour
 a - a +0 robe (worn)
Scrolls
 c - 3 scrolls of identify
 e - a scroll of brand weapon
 l - 2 scrolls of poison
Potions
 b - a potion of magic
 k - a potion of ambrosia {unknown}
 o - a potion of lignification {unknown}


   Skills:
 + Level 0.1 Fighting
 + Level 0.9 Short Blades
 * Level 4.3 Dodging
 + Level 3.5 Stealth
 * Level 5.0 Spellcasting
 + Level 1.7 Conjurations
 + Level 0.8 Air Magic
 * Level 4.9 Alchemy


You had 8 spell levels left.
You knew the following spells:

 Your Spells              Type           Power      Damage    Failure   Level
a - Sting                 Conj/Alch      68%        1d7       3%          1
b - Mercury Vapours       Alch/Air       30%        N/A       6%          2
c - Olgreb's Toxic Radia  Alch           23%        N/A       16%         4

Your spell library contained the following spells:

 Spells                   Type           Power      Damage    Failure   Level
 Static Discharge         Conj/Air       18%        3-4/arc   11%         2
 Mephitic Cloud           Conj/Alch/Air  14%        N/A       13%         3
 Sticky Flame             Fire/Alch      14%        2d5       41%         4
 Airstrike                Air            4%         2d(1-17)  65%         4
 Summon Lightning Spire   Summ/Air       6%         N/A       71%         4
 Dispersal                Tloc           2%         N/A       100%        6
 Gell's Gavotte           Tloc           2%         2d(12-18) 100%        6
 Manifold Assault         Tloc           2%         N/A       100%        7
 Disjunction              Tloc           2%         N/A       100%        8


Dungeon Overview and Level Annotations

Branches:
Dungeon (4/15)
 Temple: D:4-7

Altars:
Fedhas
Gozag
Uskayaw

Shops:
D:2 :

Annotations:
D:3 JoadsterXIII's ghost, amateur GrFi
D:4 1 runed translucent door, Crazy Yiuf; GiantSquids's ghost, amateur MDFi


Innate Abilities, Weirdness & Mutations

You are very small and have problems with some larger weapons.
You are too small for most types of armour.
You have supernaturally acute eyesight. (SInv)
You cover ground extremely quickly. (Speed+++)


Message History

Okay, then.
Casting: Sting (safe; 3% risk of failure)
Confirm with . or Enter, or press ? or * to list all spells.
Aiming: Sting (safe; 3% risk of failure)
Press: ? - help, Shift-Dir - straight line, f/p - kobold brigand
Aim: a kobold brigand, wielding a +0 dagger and quivering curare-tipped darts (severely wounded, very poisoned, 67% to hit)
The sting hits the jelly.
The jelly partially resists.
The jelly is moderately wounded.
GiantSquids's ghost says, "Try not to bleed too much."
GiantSquids's ghost attacks as it pursues you!
GiantSquids's ghost hits you!
Okay, then.
Okay, then.
Okay, then.
Okay, then.
As you read the scroll labelled XAEBUK FYACAIPN, it dissolves into smoke.
It was a scroll of fog.
You see here a +0 falchion.
There's no open space to fill with poison.
Unknown command.
You feel mightier all of a sudden.
It was a potion of berserk rage.
A red film seems to cover your vision as you go berserk!
You feel yourself moving faster!
You feel mighty!
You puncture GiantSquids's ghost! You freeze GiantSquids's ghost.
GiantSquids's ghost is moderately damaged.
GiantSquids's ghost hits you!
You hit GiantSquids's ghost but do no damage.
GiantSquids's ghost is moderately damaged.
GiantSquids's ghost completely misses you.
You puncture GiantSquids's ghost! You freeze GiantSquids's ghost.
GiantSquids's ghost is heavily damaged.
You barely miss GiantSquids's ghost.
GiantSquids's ghost is heavily damaged.
GiantSquids's ghost hits you!
* * * LOW HITPOINT WARNING * * *
You hit GiantSquids's ghost.
GiantSquids's ghost is heavily damaged.
GiantSquids's ghost hits you.
You die...

#......#....÷.#....
##J#####.....J##...
#§# #.>....###..
#§######.....#####
#§##.ß.##..#......
#§#..$$.#..#......
#J#ß$.$$'..#######
#W#∩.ß_$'...######
#@#ß.$..'......K.J
###.$...#..#######
##.ß∩##..# #
#########.# #
#.###.†...#
##.#.###### ##.##
###


You could see a jelly and GiantSquids's ghost.

Vanquished Creatures
  An orc priest (D:2)
  A hound (D:4)
  Robin (D:2)
  9 gnolls
  5 adders
  A shadow imp (D:3)
  A white imp (D:4)
  5 dart slugs
  2 ribbon worms (D:4)
  5 orcs
  8 endoplasms
  5 giant cockroaches
  10 goblins
  11 hobgoblins
  4 jackals (D:2)
  6 quokkas
  8 ball pythons
  7 bats
  3 frilled lizards (D:1)
  8 kobolds
  5 rats
106 creatures vanquished.

Notes
Turn   | Place    | Note
-------+----------+-------------------------------------------
     0 | D:1      | PriceMaster the Spriggan Alchemist began the quest for the
                  | Orb.
     0 | D:1      | Reached XP level 1. HP: 9/9 MP: 5/5
   280 | D:1      | Reached XP level 2. HP: 13/13 MP: 4/6
   334 | D:1      | Learned a level 2 spell: Mercury Vapours
   598 | D:1      | Reached skill level 1 in Conjurations
   598 | D:1      | Reached XP level 3. HP: 9/16 MP: 0/8
   793 | D:1      | Reached skill level 3 in Spellcasting
  1501 | D:2      | Reached XP level 4. HP: 18/21 MP: 1/10
  1516 | D:2      | Reached skill level 4 in Spellcasting
  1653 | D:2      | Noticed Robin
  1690 | D:2      | Killed Robin
  1950 | D:2      | Found Wesifot's Book Emporium.
  2128 | D:2      | Identified the +0 ring mail "Rorhobem" {Dex+3}
  2328 | D:3      | Reached XP level 5. HP: 12/24 MP: 3/12
  2588 | D:3      | Found a blossoming altar of Fedhas.
  2640 | D:3      | Found a runed translucent door.
  2642 | D:3      | Noticed JoadsterXIII's ghost (amateur GrFi)
  3622 | D:3      | HP: 1/24 [shadow imp/nerve-wracking pain (13)]
  4038 | D:4      | Learned a level 4 spell: Olgreb's Toxic Radiance
  4058 | D:4      | Reached XP level 6. HP: 19/28 MP: 1/14
  4522 | D:4      | Found a hide-covered altar of Uskayaw.
  4685 | D:4      | Found a runed translucent gate.
  4685 | D:4      | Found an opulent altar of Gozag.
  4686 | D:4      | Found a runed translucent gate.
  4686 | D:4      | Found a runed translucent gate.
  4727 | D:4      | Reached skill level 5 in Spellcasting
  4809 | D:4      | Noticed GiantSquids's ghost (amateur MDFi)
  5114 | D:4      | Found a runed translucent door.
  5115 | D:4      | Noticed Crazy Yiuf
  5240 | D:4      | HP: 2/42 [GiantSquids's ghost (14)]
  5241 | D:4      | Slain by GiantSquids's ghost

Illustrated notes

Levels and vault maps discovered:
D:1:      lightli_arrival_windingriver, layout_basic
D:2:      layout_loops_ring, serial_shops, shop, serial_aquarium,
          aquarium_bridge_square [aquarium_subvault_wall,
          aquarium_subvault_wall, aquarium_subvault_bridge,
          aquarium_subvault_bridge], aquarium_window_1, aquarium_window_1,
          aquarium_view_2e, aquarium_view_2c, aquarium_balcony_3b,
          aquarium_pool_five, uniq_robin
D:3:      layout_loops_ring, old_standard_altar, ebering_ghost_inner_flame,
          chequers_serial_rivers_micro_d
D:4:      layout_loops_cross, lemuel_round_altar, ebering_ghost_gozag,
          uniq_crazy_yiuf_cottage

Skill      XL: |  1  2  3  4  5  6 |
---------------+-------------------+-----
Dodging        | 3 4 |  4.3
Alchemy        | 4 |  4.9
Conjurations   | 1 |  1.7
Spellcasting   | 3 4 5 |  5.0
Fighting       | |  0.1
Short Blades   | |  0.9
Stealth        | |  3.5
Air Magic      | |  0.8

Action                     |  1- 3 |  4- 6 || total
---------------------------+-------+-------++-------
  Melee: Unarmed           |     4 |       ||     4
         Dagger            |    41 |    74 ||   115
   Cast: Sting             |    64 |   120 ||   184
         Mercury Vapours   |     8 |    20 ||    28
         Olgreb's Toxic Ra |       |     6 ||     6
    Use: Scroll            |       |     8 ||     8
         Potion            |       |     3 ||     3
 Armour: Robe              |    28 |    40 ||    68
  Dodge: Dodged            |    49 |    70 ||   119

Table legend: (Time is in decaauts)
 A = Elapsed time spent in this place.
 B = Non-inter-level travel time spent in this place.
 C = Inter-level travel time spent in this place.
 D = Time resting spent in this place.
 E = Time spent auto-exploring this place.
 F = Levels seen in this place.
 G = Mean time per level.
                   A        B        C        D        E       F      G
               +--------+--------+--------+--------+--------+-----+--------+
         Total |   4237 |   4205 |     32 |    921 |   2506 |   4 | 1059.2 |
       Dungeon |   4237 |   4205 |     32 |    921 |   2506 |   4 | 1059.2 |
               +--------+--------+--------+--------+--------+-----+--------+

Top non-repeatable levels by time:
     D:3: 1438 daAuts
     D:2: 1026 daAuts
     D:4: 1021 daAuts
     D:1: 751 daAuts
